 Dungeon Crawl Stone Soup version 0.27-a0-1248-g57ac2eb73c (webtiles) character file.

Game seed: 4001631058329403296

3140 Delamore the Spear-Bearer (level 10, 0/74 HPs)
             Began as a Formicid Fighter on June 10, 2021.
             Was an Initiate of Gozag.
             Splashed by Joseph's acid (8 damage)
             ... on level 8 of the Dungeon.
             The game lasted 00:10:08 (6971 turns).

Delamore the Spear-Bearer (Formicid Fighter)        Turns: 6971, Time: 00:10:09

Health: 0/74       AC:  7    Str: 23    XL:     10   Next: 14%
Magic:  10/10      EV:  8    Int:  9    God:    Gozag
Gold:   528        SH: 10    Dex: 10    Spells: 9/9 levels left

rFire    . . .     SeeInvis +   a - +0 trident
rCold    + . .     Faith    .   c - +0 kite shield
rNeg     . . .     Spirit   .   w - +0 scale mail {Will+}
rPois    .         Reflect  .   (helmet unavailable)
rElec    .         Harm     .   o - +2 cloak
rCorr    .         Rampage  .   g - +0 pair of gloves
Will     ++...                  (no boots)
Stlth    ..........             j - amulet of regeneration
HPRegen  1.22/turn              t - ring of protection from cold
MPRegen  0.12/turn              (no ring)

@: corroded
A: permanent stasis, dig shafts and tunnels, antennae 3, four strong arms
a: Dig, Shaft Self, Renounce Religion, Potion Petition, Call Merchant, Bribe
Branch


You were on level 8 of the Dungeon.
You worshipped Gozag.
Gozag was pleased with you.
You visited 2 branches of the dungeon, and saw 9 of its levels.

You collected 962 gold pieces.
You spent 390 gold pieces at shops.
You paid 44 gold pieces to Gozag.

Inventory:

Hand Weapons
 a - a +0 trident (weapon)
Missiles
 h - 28 poisoned darts (quivered)
 u - 7 boomerangs
Armour
 b - a +0 scale mail
 c - a +0 kite shield (worn)
 g - a +0 pair of gloves (worn)
 o - a +2 cloak (worn)
 p - a scarf of repulsion
 w - a +0 scale mail of willpower (worn)
Jewellery
 j - an amulet of regeneration (around neck)
 t - a ring of protection from cold (left hand)
 x - a ring of poison resistance
Wands
 q - a wand of charming (7)
Scrolls
 f - 4 scrolls of amnesia
 n - a scroll of immolation
Potions
 d - 4 potions of might
 e - 6 potions of haste
 k - 5 potions of attraction
 l - 3 potions of mutation
 m - 4 potions of lignification
 r - 2 potions of resistance
 s - a potion of berserk rage
 z - a potion of brilliance
 A - a potion of flight
 B - 2 potions of degeneration


   Skills:
 - Level 5.0 Fighting
 * Level 12.1 Polearms
 + Level 3.0 Throwing
 - Level 3.2 Armour
 + Level 5.3 Shields


You had 9 spell levels left.
You didn't know any spells.
Your spell library contained the following spells:

 Spells                   Type           Power      Damage    Failure   Level
 Animate Skeleton         Necr           0%         N/A       91%         1
 Apportation              Tloc           0%         N/A       91%         1
 Corona                   Hex            0%         N/A       91%         1
 Magic Dart               Conj           0%         1d3       91%         1
 Summon Small Mammal      Summ           0%         N/A       91%         1
 Passwall                 Tmut/Erth      0%         N/A       97%         2
 Searing Ray              Conj           0%         3d3       97%         2
 Dazzling Flash           Conj/Hex       0%         N/A       100%        3
 Vampiric Draining        Necr           0%         2d6       100%        3
 Animate Armour           Summ/Erth      0%         N/A       100%        4
 Fulminant Prism          Conj/Hex       0%         3d6       100%        4
 Iskenderun's Mystic Bla  Conj/Tloc      0%         2d3       100%        4
 Agony                    Necr           0%         N/A       100%        5
 Death Channel            Necr           0%         N/A       100%        6


Dungeon Overview and Level Annotations

Branches:
Dungeon (8/15)             Temple (1/1) D:4
   Lair: D:8-11

Altars:
Ashenzari
Cheibriados
Dithmenos
Elyvilon
Fedhas
Gozag
Hepliaklqana
Kikubaaqudgha
Makhleb
Nemelex Xobeh
Okawaru
Qazlal
Ru
Sif Muna
Trog
Uskayaw
Vehumet
Wu Jian
Xom
Yredelemnul
Zin
The Shining One

Shops:
D:1 !

Annotations:
D:8 Joseph


Innate Abilities, Weirdness & Mutations

You cannot be hasted, slowed, berserked, paralysed or teleported.
You can dig through walls and to a lower floor.
You have a pair of large antennae on your head. (SInv)
Your four strong arms can wield two-handed weapons with a shield.


Message History

You throw a poisoned dart. The poisoned dart hits Joseph!
Joseph is poisoned.
Joseph unwields a +2 quarterstaff of speed.
Joseph wields a +0 hunting sling.
Joseph shoots a sling bullet.
The sling bullet hits you!
You throw a poisoned dart. The poisoned dart hits Joseph!
Joseph looks as sick as possible!
Joseph is lightly wounded.
Joseph shoots a sling bullet.
The sling bullet hits you.
You extend your mandibles.
You dig through the rock wall.
You dig through the rock wall.
You dig through the rock wall.
You dig through the rock wall.
You dig through the rock wall.
You dig through the rock wall.
You dig through the rock wall.
You dig through the rock wall.
You retract your mandibles.
You closely miss Joseph.
Joseph is lightly wounded.
Joseph unwields a +0 hunting sling.
Joseph wields a +2 quarterstaff of speed.
Joseph barely misses you.
You closely miss Joseph.
Joseph is lightly wounded.
Joseph closely misses you.
You hit Joseph.
Joseph is lightly wounded.
Joseph zaps a wand.
The bolt of acid hits you! The acid corrodes you!
You are splashed with acid!
You puncture Joseph!
Joseph is moderately wounded.
Joseph hits you with a +2 quarterstaff of speed.
* * * LOW HITPOINT WARNING * * *
You hit Joseph but do no damage.
Joseph is moderately wounded.
Joseph closely misses you.
Joseph zaps a wand.
The bolt of acid hits you!
* * * LOW HITPOINT WARNING * * *
You are splashed with acid!
You die...
Your body crumbles into a pile of gold.

#. ## .. # .#
.# ####.######
#.....@....
#.########
#..#.#.#@##
#.#.#.#.#@#
#.######### $
#.#############
#......[......#
#############.#
#.# #.# #.# #.#


You could see Joseph (very poisoned).

Vanquished Creatures
  Pikel (D:7)
  Maggie (D:7)
  Sigmund (D:2)
  Menkaure (D:7)
  Edmund (D:6)
  3 water moccasins
  A black bear (D:7)
  An orc warrior (D:8)
  A sky beast (D:5)
  2 ogres
  2 necrophages (D:5)
  A lemure (D:7)
  Blork the orc (D:6)
  A kobold brigand (D:6)
  2 scorpions
  3 wights (D:8)
  2 centaur zombies
  5 jellies
  A centaur skeleton (D:6)
  2 orc priests
  Crazy Yiuf (D:2)
  2 iguanas
  4 orc wizards
  A scorpion zombie (D:5)
  8 adders
  2 howler monkey skeletons
  A white imp (D:7)
  An ufetubus (D:4)
  A worm (D:4)
  26 orcs
  A bat (D:2)
  7 endoplasms
  2 giant cockroaches
  6 goblins
  8 hobgoblins
  4 jackals
  2 quokkas (D:3)
  5 ball pythons
  2 frilled lizards
  5 kobolds
  5 rats
127 creatures vanquished.

Vanquished Creatures (others)
  10 plants (D:4)
10 creatures vanquished.

Grand Total: 137 creatures vanquished

Notes
Turn   | Place    | Note
-------+----------+-------------------------------------------
     0 | D:1      | Delamore the Formicid Fighter began the quest for the Orb.
     0 | D:1      | Reached XP level 1. HP: 18/18 MP: 1/1
   133 | D:1      | Found Metepath's Distillery.
   308 | D:1      | Reached XP level 2. HP: 24/24 MP: 2/2
   779 | D:2      | Reached XP level 3. HP: 29/29 MP: 3/3
   782 | D:2      | Identified the Papyrus of Earth and Sinister Magic
   803 | D:2      | Noticed Sigmund
   899 | D:3      | Reached skill level 3 in Polearms
  1060 | D:3      | Found a hazy altar of Hepliaklqana.
  1208 | D:3      | Reached XP level 4. HP: 37/37 MP: 4/4
  1830 | D:2      | Killed Sigmund
  1831 | D:2      | Reached skill level 5 in Polearms
  1831 | D:2      | Reached XP level 5. HP: 34/43 MP: 5/5
  1831 | D:2      | Reached XP level 6. HP: 40/50 MP: 6/6
  1940 | D:2      | Found a broken altar of Ashenzari.
  2085 | D:2      | Found a faded altar of an unknown god.
  2087 | D:2      | Noticed a shining eye
  2092 | D:2      | Noticed a floating eye
  2096 | D:2      | Noticed an eye of devastation
  2102 | D:2      | Noticed a golden eye
  2233 | D:2      | Found a runed translucent door.
  2234 | D:2      | Noticed Crazy Yiuf
  2248 | D:2      | Killed Crazy Yiuf
  2611 | D:1      | Bought a potion of heal wounds for 50 gold pieces
  2860 | D:4      | Reached skill level 5 in Fighting
  2875 | D:4      | Found a staircase to the Ecumenical Temple.
  2890 | Temple   | Entered the Ecumenical Temple
  3081 | Temple   | Became a worshipper of Gozag Ym Sagoz the Greedy
  3327 | D:4      | Reached skill level 6 in Polearms
  3327 | D:4      | Reached XP level 7. HP: 36/56 MP: 7/7
  4230 | D:5      | Entered Level 5 of the Dungeon
  4277 | D:5      | Reached skill level 7 in Polearms
  4379 | D:5      | Reached XP level 8. HP: 48/62 MP: 8/8
  4425 | D:5      | Reached skill level 8 in Polearms
  4897 | D:1      | Bought 2 potions of resistance for 200 gold pieces
  4897 | D:1      | Bought a potion of might for 40 gold pieces
  4897 | D:1      | Bought a potion of heal wounds for 50 gold pieces
  4897 | D:1      | Bought a potion of heal wounds for 50 gold pieces
  5173 | D:6      | Reached skill level 9 in Polearms
  5262 | D:6      | Noticed Blork the orc
  5393 | D:6      | Reached skill level 10 in Polearms
  5393 | D:6      | Reached XP level 9. HP: 41/68 MP: 9/9
  5555 | D:6      | Noticed Edmund
  5562 | D:6      | Killed Blork the orc
  5585 | D:6      | Killed Edmund
  6024 | D:7      | Reached skill level 11 in Polearms
  6178 | D:7      | Noticed Menkaure
  6192 | D:7      | Killed Menkaure
  6243 | D:7      | Noticed Maggie
  6264 | D:7      | Killed Maggie
  6265 | D:7      | Reached skill level 1 in Throwing
  6393 | D:8      | HP: 3/67 [orc warrior/+3 short sword (5)]
  6417 | D:8      | HP: 3/63 [wight/+4 great sword (2)]
  6532 | D:8      | Noticed a death yak
  6532 | D:8      | Noticed a two-headed ogre
  6752 | D:7      | Noticed Pikel
  6788 | D:7      | Killed Pikel
  6789 | D:7      | Reached skill level 12 in Polearms
  6789 | D:7      | Reached skill level 5 in Shields
  6789 | D:7      | Reached XP level 10. HP: 26/74 MP: 10/10
  6955 | D:8      | Noticed Joseph
  6971 | D:8      | Splashed by Joseph's acid

Illustrated notes

Levels and vault maps discovered:
D:1:      roderic_octagonal_star, layout_loops_ring, serial_shops, shop_statue
D:2:      layout_rooms, basic_altar, serial_forest,
          infiniplex_forest_clump_small, infiniplex_forest_straight_3,
          infiniplex_forest_lined_room_, infiniplex_forest_end_3,
          infiniplex_forest_straight_3, infiniplex_forest_clump_small,
          infiniplex_forest_lined_3_way, infiniplex_forest_straight_4,
          infiniplex_forest_clump_curved, infiniplex_forest_lined_3,
          hellmonk_ecumenical_altar_watching_god, st_stairs_8,
          kennysheep_generic_room_11, uniq_sigmund, uniq_crazy_yiuf_cottage
D:3:      layout_loops_cross, nzn_hepliaklqana_mist_gate,
          minmay_strange_pillars, minmay_misc_feat_doors
D:4:      layout_loops_ring, minmay_temple_entry_arrows, grunt_decor_one_mirror,
          serial_bayou_lake_a
D:5:      layout_cave_pools, guppyfry_early_lair_pool
D:6:      layout_rooms, chequers_serial_rivers_small_a, uniq_blork_the_orc,
          uniq_edmund
D:7:      layout_rooms, uniq_maggie, uniq_menkaure, uniq_pikel
D:8:      layout_basic, dpeg_lair_monsters, serial_curves, eino_curves_04,
          eino_curves_01, uniq_grum, uniq_erica, uniq_joseph
Temple:   roderic_octagonal_lattice_temple

Skill      XL: |  1  2  3  4  5  6  7  8  9 |
---------------+----------------------------+-----
Polearms       | 3 5 6 7 10 12 | 12.1
Fighting       | 4 5 |  5.0
Throwing       | 3 |  3.0
Shields        | 5 |  5.3
Armour         | |  3.2

Action                   |  1- 3 |  4- 6 |  7- 9 | 10-12 || total
-------------------------+-------+-------+-------+-------++-------
Melee: Trident           |    68 |   109 |   421 |     5 ||   603
Throw: Dart              |       |     7 |    67 |     2 ||    76
 Abil: Dig               |       |       |     9 |     1 ||    10
  Use: Scroll            |     3 |     5 |     3 |     4 ||    15
       Potion            |       |       |     7 |       ||     7
Armor: Scale mail        |    19 |    33 |   164 |       ||   216
Dodge: Dodged            |    19 |    26 |   118 |     3 ||   166
Block: Kite shield       |    27 |    49 |   231 |       ||   307

Table legend: (Time is in decaauts)
 A = Elapsed time spent in this place.
 B = Non-inter-level travel time spent in this place.
 C = Inter-level travel time spent in this place.
 D = Time resting spent in this place.
 E = Time spent auto-exploring this place.
 F = Levels seen in this place.
 G = Mean time per level.
                   A        B        C        D        E       F      G
               +--------+--------+--------+--------+--------+-----+--------+
         Total |   7083 |   6528 |    555 |    640 |   4478 |   9 |  787.0 |
       Dungeon |   6772 |   6242 |    530 |    640 |   4197 |   8 |  846.5 |
        Temple |    310 |    285 |     25 |      0 |    281 |   1 |  310.0 |
               +--------+--------+--------+--------+--------+-----+--------+

Top non-repeatable levels by time:
     D:4: 1353 daAuts
     D:3: 1116 daAuts
     D:6: 1021 daAuts
     D:2: 966 daAuts
     D:1: 788 daAuts
     D:7: 704 daAuts
     D:5: 561 daAuts
  Temple: 310 daAuts
     D:8: 260 daAuts
